Cogmind - Beta 17 @@@ ROGUE MODE // 2026.07.08 @ 15:30:30 Player: Singularius Result: Destroyed self with Reinforced Fission Core chain reaction Performance ------------- Evolutions (6) 3000 Regions Visited (13) 2600 Robots Destroyed (301) 1505 Value Destroyed (12928) 12928 Prototype IDs (17) 340 Alien Tech Used (0) 0 Bonus (2885) 2885 TOTAL SCORE: 23258 Bonus ------- High Alert Combat Kills 2077 Follower Combat Kills 462 Met R17 at Cetus 500 Friendly Fire -154 Cogmind --------- Core Integrity 0/1150 Matter 290/300 Energy 308/410 System Corruption 90% Temperature Cool (12) Movement Treading (163) Location -4/Upper Caves Parts ------- > --- POWER (3) -------- Reinforced Fission Core Micro Fission Core Micro Fission Core > --- PROPULSION (4) --- Improved Treads Improved Treads Armored Medium Treads > --- UTILITY (9) ------ Improved Heat Sink Experimental Heat Sink Large Storage Unit Structural Scanner Terrain Scanner Terrain Scan Processor Improved Target Analyzer Core Analyzer > --- WEAPON (3) ------- Tesla Rifle Proton Missile Launcher > --- INVENTORY (15) --- Neutrino Core Neutrino Core Light Antimatter Reactor Improved Treads Heavy Treads Improved Heat Sink Improved Energy Well (400) Improved Sensor Array KE Penetrator Peak State ------------ > --- POWER ------------ Cooled Deuterium Engine Neutrino Core > --- PROPULSION ------- Centrium Heavy Treads Centrium Heavy Treads > --- UTILITY ---------- Improved Cooling System High-capacity Storage Unit Improved Sensor Array Advanced Signal Interpreter Improved Medium Armor Plating Centrium Medium Armor Plating Centrium Medium Armor Plating Improved Focal Shield > --- WEAPON ----------- Advanced Variable Charge Gun Advanced KE Penetrator Advanced KE Penetrator > --- INVENTORY -------- Reinforced Deuterium Engine Neutrino Core Quantum Reactor Improved Treads Medium Treads Improved Medium Treads Centrium Heavy Treads Advanced Heat Sink Advanced Heat Sink Energy Well Improved Medium Armor Plating Centrium Medium Armor Plating Focal Shield Improved Heavy Laser Advanced Variable Charge Gun Advanced KE Penetrator Advanced KE Penetrator Proton Missile Launcher Improved Grenade Launcher [Rating: 123] Favorites ----------- Power Improved Deuterium Engine Engine Improved Deuterium Engine Power Core Neutrino Core Reactor Quantum Reactor Propulsion Light Treads Treads Light Treads Leg Aluminum Leg Utility High-capacity Storage Unit Device Improved Sensor Array Storage High-capacity Storage Unit Processor Advanced Signal Interpreter Protection Improved Medium Armor Plating Weapon Long-range Proton Cannon Energy Gun Tesla Rifle Energy Cannon Long-range Proton Cannon Ballistic Gun Advanced KE Penetrator Launcher Improved Grenade Launcher Build | -11 -10 -9 -9 -8 -7 -6 -6 -6 -6 -6 -5 -4 -4 ------- Run | Yrd Mat Mat Min Mat Fac Fac Ext Cet Arc Hub Fac Fac Upp Slots Evolved 12 | . . 2 . 2 2 2 . . . . 2 2 . Power 2 | . . . . 1 . . . . . . . 1 . Propulsion 2 | . . . . 1 1 . . . . . . . . Utility 7 | . . 2 . . 1 1 . . . . 2 1 . Weapon 1 | . . . . . . 1 . . . . . . . Parts Attached 230 | 7 16 14 3 17 22 33 22 13 1 1 39 41 1 Power 32 | 1 1 1 . 5 2 6 1 2 1 . 5 7 . Engine 19 | 1 1 1 . 5 2 4 1 1 . . 2 1 . Core 9 | . . . . . . 2 . . 1 . 2 4 . Reactor 4 | . . . . . . . . 1 . . 1 2 . Propulsion 50 | 2 3 3 1 3 7 6 9 3 . . 3 10 . Treads 49 | 2 2 3 1 3 7 6 9 3 . . 3 10 . Leg 1 | . 1 . . . . . . . . . . . . Wheel . | . . . . . . . . . . . . . . Hover . | . . . . . . . . . . . . . . Flight . | . . . . . . . . . . . . . . Utility 84 | 2 4 7 1 5 7 12 8 4 . . 19 15 . Device 33 | 1 1 2 . 1 2 5 4 2 . . 8 7 . Storage 10 | 1 1 1 . 1 1 1 1 . . . 1 2 . Processor 5 | . . . . . 1 1 . . . . . 3 . Hackware . | . . . . . . . . . . . . . . Protection 36 | . 2 4 1 3 3 5 3 2 . . 10 3 . Artifact . | . . . . . . . . . . . . . . Weapon 64 | 2 8 3 1 4 6 9 4 4 . 1 12 9 1 Energy Gun 37 | . 5 3 . 3 1 7 2 2 . . 7 6 1 Energy Cannon 10 | . 2 . . . 1 2 1 . . 1 3 . . Ballistic Gun 12 | 2 1 . . 1 2 . . 2 . . 2 2 . Ballistic Cannon . | . . . . . . . . . . . . . . Launcher 5 | . . . 1 . 2 . 1 . . . . 1 . Special Weapon . | . . . . . . . . . . . . . . Impact Weapon . | . . . . . . . . . . . . . . Slashing Weapon . | . . . . . . . . . . . . . . Piercing Weapon . | . . . . . . . . . . . . . . Special Melee Weapon . | . . . . . . . . . . . . . . Unidentified Prototypes 14 | . . . . 1 1 1 . 4 . 1 3 3 . Corrupted Parts 8 | . . . 1 . . 1 . . . . 1 5 . System Corruption 65 | . . . 9 . . 5 . . . . 6 45 . Parts Lost 94 | . 6 3 . . 3 17 5 4 . . 16 36 4 Power 13 | . . . . . . 3 . 1 . . 3 6 . Propulsion 17 | . 2 1 . . 1 4 1 1 . . . 6 1 Utility 33 | . . 1 . . 1 5 3 . . . 8 14 1 Weapon 31 | . 4 1 . . 1 5 1 2 . . 5 10 2 Highest Loss Streak 13 | . 4 2 . . 2 6 2 3 . . 7 13 3 To Critical Strikes . | . . . . . . . . . . . . . . Average Backups 16 | 3 12 14 15 14 19 18 19 18 19 19 18 14 8 Power 2 | . 1 2 2 1 1 3 3 2 2 2 1 1 2 Propulsion 3 | 1 2 3 3 2 3 4 4 4 4 4 4 5 2 Utility 6 | . 6 5 5 6 7 6 8 8 8 8 5 2 3 Weapon 4 | . 1 3 5 5 5 4 4 3 5 5 6 5 1 Tool/Special . | . . . . . . . . . . . . . . Unused Backups 58 | . 9 6 2 2 11 3 4 4 2 . 5 5 5 Power 15 | . 2 2 . 1 . 1 2 1 1 . . 2 3 Propulsion 13 | . 1 3 . . 3 . 2 1 . . 2 . 1 Utility 16 | . 5 1 1 1 2 2 . 1 1 . 1 . 1 Weapon 14 | . 1 . 1 . 6 . . 1 . . 2 3 . Tool/Special . | . . . . . . . . . . . . . . Average Slot Usage (%) 95 | . 99 99 100 99 99 98 99 89 85 86 91 80 98 Engine 10 | . 14 10 11 17 14 9 13 7 6 6 5 3 . Core 1 | . . . . . . 3 . . 3 6 4 3 15 Treads 22 | . 27 21 22 26 29 25 25 16 13 13 15 14 21 Device 16 | . 9 18 21 11 14 17 17 14 13 13 16 18 25 Storage 7 | . 14 11 11 9 7 6 6 6 6 6 6 7 5 Processor 4 | . . . . . 6 6 6 6 6 6 4 2 15 Protection 10 | . 4 14 11 15 7 8 7 11 13 13 16 6 . Energy Gun 10 | . 7 15 21 14 4 12 12 8 6 6 8 8 9 Energy Cannon 4 | . 3 6 . . 3 6 5 . . . 5 3 . Ballistic Gun 3 | . 16 . . 3 5 . . 9 13 13 2 1 4 Peak Build Rating 123 | 7 13 15 17 30 49 66 76 118 118 115 123 122 81 Average Rating 59 | 5 9 14 15 24 41 56 66 103 116 114 107 99 79 On Entrance 56 | . 7 11 15 17 26 47 58 75 118 115 115 104 79 Avg Prop Armor Cover (%) 5 | . . . . . . . 4 . . . . 7 . Naked Turns . | . . . . . . . . . . . . . . Heaviest Build 132 | 12 36 44 42 59 82 99 99 115 115 109 121 132 70 Greatest Support 160 | 40 40 40 40 60 107 104 120 160 160 160 160 150 101 Greatest Overweight (x) 1 | . . 1 1 . 1 1 1 1 . . 1 1 . Average Overweight (x) . | . . . . . . . . . . . . . . Largest Inventory Capacity 20 | 8 15 15 15 15 20 20 20 20 20 20 20 20 15 Average Capacity 18 | 7 14 15 15 15 19 20 20 20 20 20 20 18 15 Most Carried 20 | 4 15 15 15 15 20 20 20 20 20 20 20 20 10 Average Carried 17 | 3 12 14 14 14 19 18 19 19 20 20 19 15 9 Final Capacity 20 | 8 15 15 15 15 20 20 20 20 20 20 20 15 15 Final Carried 20 | 4 15 15 15 15 20 20 20 20 20 20 14 9 10 Class Distribution -------------------- 33% | Scavenger-Tank 25% | Mutant 18% | Scavenger-Mutant 8% | Skirmisher 8% | Scavenger-Skirmisher 3% | Tank Dominant Class ---------------- Mutant | -10/Materials Mutant | -9/Materials Scavenger-Mutant | -9/Mines Scavenger-Mutant | -8/Materials Mutant | -7/Factory Skirmisher | -6/Factory Scavenger-Tank | -6/Extension Scavenger-Tank | -6/Cetus Scavenger-Tank | -6/Archives Scavenger-Tank | -6/Hub_04(d) Scavenger-Tank | -5/Factory Scavenger-Tank | -4/Factory Scavenger-Skirmisher | -4/Upper Caves Resources | -11 -10 -9 -9 -8 -7 -6 -6 -6 -6 -6 -5 -4 -4 ----------- Run | Yrd Mat Mat Min Mat Fac Fac Ext Cet Arc Hub Fac Fac Upp Matter Collected 6724 | 357 330 240 97 280 628 1106 756 385 101 . 1411 928 105 Remotely . | . . . . . . . . . . . . . . Salvage Created 15093 | 198 909 1106 197 1318 646 1544 1454 609 332 72 3514 2859 335 Parts 721 | 19 79 87 9 58 42 76 46 25 14 3 133 112 18 Haulers Intercepted 7 | . 1 1 . 2 . . 1 . . . 1 1 . Recyclers Shooed 9 | . . . . 2 . 2 1 . . . 3 1 . Parts Field Recycled . | . . . . . . . . . . . . . . Retrieved Matter . | . . . . . . . . . . . . . . Parts Self-Destructed 4 | . . . . . . . . . . . . . 4 Prevented 1 | . . . . . . . . . . . . . 1 Parts Restored . | . . . . . . . . . . . . . . Kills | -11 -10 -9 -9 -8 -7 -6 -6 -6 -6 -6 -5 -4 -4 ------- Run | Yrd Mat Mat Min Mat Fac Fac Ext Cet Arc Hub Fac Fac Upp Combat Hostiles Destroyed 247 | . 24 27 4 23 13 30 18 8 4 1 49 43 3 Guns 127 | . 23 14 2 18 6 8 8 5 4 1 24 13 1 Cannons 60 | . 1 11 . . 3 19 7 1 . . 9 9 . AOE 32 | . . 2 2 4 4 . . . . . 8 11 1 Classes Destroyed 17 | 2 6 2 1 2 1 . 1 . . . . 1 1 Worker 4 | . . 1 . . . 1 . . . . 2 . . Builder 15 | . 1 1 . . 4 . 1 . . . 2 6 . Tunneler 12 | 8 1 . . . . 1 . . . . . 2 . Hauler 7 | . 1 1 . 2 . . 1 . . . 1 1 . Recycler 9 | 1 1 . . 2 1 . 1 . . . 3 . . Watcher 7 | . 2 2 . . . 1 . 2 . . . . . Swarmer 56 | . 12 12 . 5 4 10 . . . . 4 9 . Grunt 89 | . 9 8 3 9 4 7 12 . . . 21 15 1 Brawler 8 | . . . 1 . . . . . . . 2 4 1 Duelist 1 | . . . . . . . . . . . . 1 . Sentry 31 | . . 7 . 4 1 3 3 . 4 1 4 4 . Specialist 6 | . . . . 4 . 2 . . . . . . . Hunter 9 | . . . . 1 . . . . . . 4 4 . Programmer 34 | . . . . . 4 8 1 . . . 14 6 1 Behemoth 2 | . . . . . . . 2 . . . . . . Cetus Guard 8 | . . . . . . . . 8 . . . . . Subdweller 3 | . 3 . . . . . . . . . . . . Samaritan 2 | . . . . . . . . . . . . . 2 Best Kill Streak 10 | 2 7 10 3 8 5 8 5 3 2 1 6 9 2 Combat Bots Only 9 | . 5 9 3 8 3 7 4 2 2 1 6 7 2 Max Kills in Single Turn 5 | 1 2 2 1 2 5 2 2 2 1 1 3 3 1 Gunslinging 1 | . . . . . . . . 1 . . 1 . . Exploded 3 | . . 1 1 2 3 . . . . . 3 2 1 Melee . | . . . . . . . . . . . . . . Uniques/NPCs Destroyed . | . . . . . . . . . . . . . . Combat | -11 -10 -9 -9 -8 -7 -6 -6 -6 -6 -6 -5 -4 -4 -------- Run | Yrd Mat Mat Min Mat Fac Fac Ext Cet Arc Hub Fac Fac Upp Hostile Shots Fired 2052 | . 115 122 3 126 70 319 205 121 10 16 436 471 38 Missed 640 | . 31 49 2 45 18 104 61 36 3 8 129 146 8 Hits 1412 | . 84 73 1 81 52 215 144 85 7 8 307 325 30 Melee 11 | . . . . . . . . . . . 6 4 1 Projectile 1401 | . 84 73 1 81 52 215 144 85 7 8 301 321 29 AOE 2 | . . . . . . . 1 . . . 1 . . Critical Strikes 79 | . 2 1 . 3 2 10 2 11 1 . 25 22 . Actively Blocked 1 | . . . . . . 1 . . . . . . . Part Disruptions 2 | . . . . . . . . . . . 1 1 . Damage Taken 22697 | . 972 799 21 1132 795 3105 2016 1352 104 39 5269 6357 736 Core 2391 | . 151 48 . 98 114 217 186 134 . . 275 1039 129 Absorbed by Shields 1826 | . . . . . . . 482 510 42 48 444 300 . Redirected to Shielding 46 | . . . . . . 46 . . . . . . . Ignored by Resistances 1543 | . . . . . . . 151 379 22 . 761 230 . Regen/Repaired (Parts) 532 | . . 55 . . 129 . . . . . 348 . . Core Remaining (%) 71 | 100 39 . 88 82 83 . . . . 36 72 . . Volleys Fired 892 | 23 69 66 7 74 55 123 69 41 7 5 176 156 21 Largest 3 | 2 2 2 2 2 2 3 3 3 3 2 3 3 3 Hottest 370 | 40 105 100 96 96 97 240 240 239 150 70 370 226 168 Shots Fired 1840 | 46 136 132 11 148 81 282 163 108 16 9 407 256 45 Gun 1347 | 46 128 87 8 148 46 140 102 95 16 9 314 166 42 Cannon 463 | . 8 45 . . 32 142 58 13 . . 91 74 . Launcher 30 | . . . 3 . 3 . 3 . . . 2 16 3 Special . | . . . . . . . . . . . . . . Kinetic 348 | 46 70 . . 25 35 . . 38 15 9 54 44 12 Thermal 733 | . 13 66 4 36 43 145 160 61 1 . 123 77 4 Explosive 18 | . . . . . 3 . 3 . . . 2 10 . Electromagnetic 741 | . 53 66 7 87 . 137 . 9 . . 228 125 29 Robot Hit Streak 23 | 8 7 18 5 18 9 16 10 18 4 2 19 23 6 Robot Miss Streak 9 | 4 4 4 1 3 4 4 5 6 2 3 7 9 3 Penetration Max 1 | . . . . 1 1 . . . . . 1 1 . Secondary Targets 14 | . 2 . . 5 . 1 . 2 . . 2 2 . Max Gunslinging Chain 1 | . 1 . . 1 . 1 . 1 . . 1 1 . Capacitor 80 | . . . . . . . . . . . . 80 . Shots Hit Robots 1166 | 28 80 93 8 115 43 171 108 76 8 5 258 147 26 Core Hits 574 | 12 41 46 6 52 28 66 61 29 6 2 117 94 14 Critical Kills 13 | . . . . . . . . 4 3 1 2 2 1 Critical Parts Destroyed 10 | . . . . . 1 . . 1 . 2 3 3 . Critical Strikes 50 | . 1 1 . 5 1 2 5 12 3 3 8 7 2 Burn 15 | . . 1 . 3 . 1 5 5 . . . . . Destroy 25 | . . . . . 1 . . 7 3 3 5 5 1 Corrupt 10 | . 1 . . 2 . 1 . . . . 3 2 1 Melee Attacks . | . . . . . . . . . . . . . . Impact . | . . . . . . . . . . . . . . Slashing . | . . . . . . . . . . . . . . Piercing . | . . . . . . . . . . . . . . Sneak Attacks . | . . . . . . . . . . . . . . Combat Hostiles . | . . . . . . . . . . . . . . Follow-up Attacks . | . . . . . . . . . . . . . . Damage Inflicted 31129 | 311 1120 1461 166 2233 1381 3370 3182 2033 223 133 8083 6657 776 Guns 17720 | 311 994 787 82 1763 660 1259 1878 1472 223 133 5102 2619 437 Cannons 7713 | . 68 610 . . 403 2043 1159 407 . . 1474 1549 . Explosions 5688 | . 58 64 84 470 318 68 145 154 . . 1499 2489 339 Melee . | . . . . . . . . . . . . . . Ramming 8 | . . . . . . . . . . . 8 . . Kinetic 4557 | 311 456 . . 382 556 . . 638 184 133 972 763 162 Thermal 13889 | . 168 835 56 828 507 2090 3037 1254 39 . 3654 1291 130 Explosive 2323 | . . . . . 318 . 145 . . . 176 1684 . Electromagnetic 10352 | . 496 626 110 1023 . 1280 . 141 . . 3273 2919 484 Impact . | . . . . . . . . . . . . . . Slashing . | . . . . . . . . . . . . . . Piercing . | . . . . . . . . . . . . . . Highest Corruption 90 | . . . 9 . 6 20 21 21 21 21 33 86 90 Average Corruption 18 | . . . 9 . 3 13 20 21 21 21 16 33 89 Corruption Purged . | . . . . . . . . . . . . . . Corruption Blocked . | . . . . . . . . . . . . . . Effects 437 | . . . 9 . 37 116 72 34 11 12 66 60 20 Message Errors 87 | . . . 2 . 8 28 13 13 . 3 8 9 3 Matter Fused 90 | . . . 3 . 10 22 13 6 2 4 13 13 4 Heat Flow Errors 44 | . . . . . 5 14 13 3 1 . 5 3 . Energy Discharges 49 | . . . 2 . 2 12 7 4 2 2 9 8 1 Parts Rejected 12 | . . . . . . 3 . 1 . . 5 2 1 Parts Fused 2 | . . . . . . 2 . . . . . . . Data Loss (minor) 31 | . . . 1 . 4 4 7 1 1 2 7 3 1 Data Loss (major) 19 | . . . . . 5 5 3 . 2 . 3 1 . Misfires 27 | . . . . . . 13 3 3 1 . 3 4 . Alerts 16 | . . . 1 . 1 5 3 . 2 . 3 1 . Misdirections 5 | . . . . . . 2 1 . . . 2 . . Weapon Failures 55 | . . . . . 2 6 9 3 . 1 8 16 10 Overload Shots 12 | . . . . . . . . . . . 12 . . Overflow Damage 362 | . . . . . 30 70 2 20 . . 110 77 53 Projectiles 138 | . . . . . 25 70 . . . . 43 . . Explosions 224 | . . . . . 5 . 2 20 . . 67 77 53 Melee . | . . . . . . . . . . . . . . Knockbacks 1 | . . . . . . . . . . . 1 . . Impact 1 | . . . . . . . . . . . 1 . . Kinetic . | . . . . . . . . . . . . . . Secondary . | . . . . . . . . . . . . . . Self-Inflicted Damage 511 | . . 76 9 23 46 47 11 . . . 150 48 101 Shots 15 | . . 2 1 1 2 1 1 . . . 3 2 2 Rammed 1 | . . . . . . . . . . . 1 . . Targets Rammed 1 | . . . . . . . . . . . 1 . . Kicked . | . . . . . . . . . . . . . . Crushed . | . . . . . . . . . . . . . . Highest Temperature 550 | . 465 24 . 22 203 477 509 498 274 103 531 550 . Average Temperature 118 | . 80 6 . 9 63 125 144 164 85 46 99 158 . Received Heat Transfer 4032 | . 504 168 6 423 165 556 603 33 33 19 767 698 57 Effects 67 | . 1 . . . . 9 9 8 . . 18 22 . Shutdowns 23 | . 1 . . . . 6 . 4 . . 3 9 . Energy Bleed 7 | . . . . . . 1 1 . . . 2 3 . Interference 18 | . . . . . . 1 6 2 . . 5 4 . Matter Decay 3 | . . . . . . . 1 1 . . . 1 . Short Circuit 2 | . . . . . . . 1 . . . . 1 . Damage (minor) 6 | . . . . . . 1 . 1 . . 2 2 . Damage (major) 6 | . . . . . . . . . . . 6 . . Damage (core) 2 | . . . . . . . . . . . . 2 . Siege Activations . | . . . . . . . . . . . . . . Martial Activations . | . . . . . . . . . . . . . . Shielding Activations . | . . . . . . . . . . . . . . Robots Disrupted 3 | . . . . . . 3 . . . . . . . Combat Hostiles 3 | . . . . . . 3 . . . . . . . Robots Corrupted 20 | . . . . 1 . 1 . . . . 8 9 1 Combat Hostiles 20 | . . . . 1 . 1 . . . . 8 9 1 Parts Fried 54 | . 3 . . . . 2 1 1 . . 23 20 4 Impact Corruptions . | . . . . . . . . . . . . . . Robots Melted 8 | . . . . . . 2 3 2 . . . 1 . Combat Hostiles 8 | . . . . . . 2 3 2 . . . 1 . Parts Melted 52 | . 2 2 . 3 2 8 19 3 . . 8 5 . Heat Transferred 21292 | . 348 1876 124 1547 666 2937 5621 2439 37 . 3631 1916 150 Parts Sabotaged 3 | . . . . . . . . . . . . 3 . Parts Stolen . | . . . . . . . . . . . . . . Parts Stripped . | . . . . . . . . . . . . . . Power Chain Reactions 23 | . 2 3 1 6 . 1 . 1 . . 6 2 1 Alert | -11 -10 -9 -9 -8 -7 -6 -6 -6 -6 -6 -5 -4 -4 ------- Run | Yrd Mat Mat Min Mat Fac Fac Ext Cet Arc Hub Fac Fac Upp Maximum Alert Level 4 | . 1 1 1 1 . 2 2 1 . . 4 3 . Low Security (%) 47 | 100 59 35 87 62 100 38 18 73 100 100 16 . . Level 1 30 | . 40 64 12 37 . 50 58 26 . . 22 . . Level 2 11 | . . . . . . 11 23 . . . 30 27 . Level 3 8 | . . . . . . . . . . . 17 72 . Level 4 2 | . . . . . . . . . . . 13 . . Level 5 . | . . . . . . . . . . . . . . High Security . | . . . . . . . . . . . . . . Max Security . | . . . . . . . . . . . . . . Peak Influence 1250 | 10 266 362 210 349 165 466 439 246 73 22 1250 1073 . Initial 611 | . . 84 130 31 79 38 219 236 18 . . 611 . Average 282 | 1 143 190 143 175 68 233 307 134 27 3 544 819 . Influence Increases 8410 | 45 615 778 130 706 452 989 959 183 85 37 2067 1279 85 Destroy 0b10 Robot/C 5120 | . 420 540 80 460 260 600 600 160 80 20 980 860 60 Destroy 0b10 Robot/NC 295 | 45 30 25 . 20 25 15 35 10 . . 40 45 5 Destroy Leader 1046 | . 86 126 20 104 70 152 84 . . 10 212 162 20 Allied During Kill 93 | . . . . . . . 93 . . . . . . Successful Hack 130 | . . 41 . 7 21 9 14 . . 5 29 4 . Select Force Hacks 20 | . . . . . 20 . . . . . . . . Disable Machine 360 | . 30 . 30 15 15 15 30 . . . 210 15 . Destroy Structure 686 | . 19 16 . 40 26 48 43 13 5 2 326 148 . Partial Spotted 30 | . 15 . . . . . 15 . . . . . . Lose Combat Pursuer 630 | . 15 30 . 60 15 150 45 . . . 270 45 . Influence Decreases 7841 | 45 414 645 384 612 547 619 986 560 130 37 819 1519 524 Entered New Map 1960 | . . 117 204 49 95 41 230 186 27 . . 637 374 Time Decay 4653 | 45 354 498 180 413 424 418 546 334 103 37 669 522 110 Lost Part 918 | . 60 30 . . 28 160 50 40 . . 150 360 40 Lost Ally 160 | . . . . . . . 160 . . . . . . Purge Threat 150 | . . . . 150 . . . . . . . . . Squads Dispatched 66 | . 4 1 1 6 8 13 3 . . 1 14 15 . Investigation 8 | . 3 . 1 1 1 . 1 . . . 1 . . Extermination 21 | . . . . . 6 6 . . . . 6 3 . Reinforcement 26 | . 1 1 . 5 1 7 2 . . 1 3 5 . Assault 4 | . . . . . . . . . . . 1 3 . Garrison 7 | . . . . . . . . . . . 3 4 . Intercept . | . . . . . . . . . . . . . . Searches Triggered . | . . . . . . . . . . . . . . Construction Impeded 6 | . . . . 1 . 1 1 . . . 1 2 . Haulers Reinforced 4 | . . . . . . 2 . . . . 1 1 . Active Scanning Responses . | . . . . . . . . . . . . . . Cargo Convoy Interrupts . | . . . . . . . . . . . . . . Stealth | -11 -10 -9 -9 -8 -7 -6 -6 -6 -6 -6 -5 -4 -4 --------- Run | Yrd Mat Mat Min Mat Fac Fac Ext Cet Arc Hub Fac Fac Upp Distress Signals 28 | . 4 3 . 4 2 3 1 2 . 1 7 1 . Communications Jammed . | . . . . . . . . . . . . . . Distress Signals . | . . . . . . . . . . . . . . Times Spotted 387 | . 35 42 4 40 21 48 36 9 9 6 85 47 5 Peak Tracking Total 9 | . 5 6 3 7 4 9 6 5 1 3 6 8 4 Tactical Retreats 35 | . 2 2 . 2 1 8 3 . . . 14 3 . Traps | -11 -10 -9 -9 -8 -7 -6 -6 -6 -6 -6 -5 -4 -4 ------- Run | Yrd Mat Mat Min Mat Fac Fac Ext Cet Arc Hub Fac Fac Upp Traps Triggered 14 | . 3 . 1 . 7 . . . . . 2 1 . Indirectly 1 | . . . 1 . . . . . . . . . . Trap Hack Attempts . | . . . . . . . . . . . . . . Triggered . | . . . . . . . . . . . . . . Disarmed . | . . . . . . . . . . . . . . Reprogrammed . | . . . . . . . . . . . . . . Reused . | . . . . . . . . . . . . . . Traps Extracted . | . . . . . . . . . . . . . . Installed . | . . . . . . . . . . . . . . Triggered . | . . . . . . . . . . . . . . Machines | -11 -10 -9 -9 -8 -7 -6 -6 -6 -6 -6 -5 -4 -4 ---------- Run | Yrd Mat Mat Min Mat Fac Fac Ext Cet Arc Hub Fac Fac Upp Machines Disabled 25 | . 2 . 2 1 1 1 3 . . . 14 1 . Max in Single Turn 5 | . 2 . 2 1 1 1 1 . . . 5 1 . Energy Cycler 1 | . . . . . . . 1 . . . . . . Machines Repaired . | . . . . . . . . . . . . . . Machines Dismantled . | . . . . . . . . . . . . . . Machines Sabotaged . | . . . . . . . . . . . . . . Overloaded Fab Kills . | . . . . . . . . . . . . . . Hacking | -11 -10 -9 -9 -8 -7 -6 -6 -6 -6 -6 -5 -4 -4 --------- Run | Yrd Mat Mat Min Mat Fac Fac Ext Cet Arc Hub Fac Fac Upp Machines Accessed 51 | . 2 9 1 3 9 6 5 3 1 1 8 3 . Terminals 35 | . 2 6 . 3 5 5 5 3 . 1 4 1 . Fabricators 2 | . . . . . 2 . . . . . . . . Repair Stations 4 | . . 1 . . 1 . . . . . 1 1 . Recycling Units . | . . . . . . . . . . . . . . Scanalyzers 6 | . . 2 . . . 1 . . . . 2 1 . Garrison Access 2 | . . . . . 1 . . . . . 1 . . Total Hacks 140 | . 4 18 1 10 22 19 8 7 25 2 18 6 . Successful 69 | . . 14 1 4 7 9 2 . 25 1 5 1 . Failed 69 | . 4 3 . 6 15 10 6 7 . 1 12 5 . Catastrophic 22 | . 1 . . 2 3 4 3 4 . . 3 2 . Database Lockouts 2 | . . 1 . . . . . . . . 1 . . Manual 14 | . 2 . . 3 6 3 . . . . . . . Terminals 81 | . 4 10 . 10 15 13 8 7 . 2 8 4 . Fabricators 3 | . . . . . 3 . . . . . . . . Repair Stations 10 | . . 2 . . 3 . . . . . 4 1 . Recycling Units . | . . . . . . . . . . . . . . Scanalyzers 18 | . . 6 . . . 6 . . . . 5 1 . Garrison Access 2 | . . . . . 1 . . . . . 1 . . Terminal Hacks 49 | . . 8 1 4 3 4 2 . 25 1 . 1 . Record 26 | . . . . . . . . . 25 . . 1 . Robot Analysis 1 | . . . . . 1 . . . . . . . . Prototype ID Bank 2 | . . 2 . . . . . . . . . . . Open Door 3 | . . . 1 . . . 2 . . . . . . Branch Access Points 1 | . . . . 1 . . . . . . . . . Emergency Access Points 3 | . . 1 . . 1 1 . . . . . . . Alert Level 1 | . . . . 1 . . . . . . . . . Unreport Threat 1 | . . . . 1 . . . . . . . . . Locate Traps 3 | . . 2 . . 1 . . . . . . . . Dispatch Records 1 | . . . . 1 . . . . . . . . . Recall Reinforcements 2 | . . 1 . . . 1 . . . . . . . Zone Layout 5 | . . 2 . . . 2 . . . 1 . . . Fabricator Hacks . | . . . . . . . . . . . . . . Repair Station Hacks 6 | . . 2 . . 2 . . . . . 2 . . Scan Component 3 | . . 1 . . 1 . . . . . 1 . . Repair 3 | . . 1 . . 1 . . . . . 1 . . Recycling Unit Hacks . | . . . . . . . . . . . . . . Scanalyzer 12 | . . 4 . . . 5 . . . . 3 . . Retrieve Study 12 | . . 4 . . . 5 . . . . 3 . . Garrison Access Hacks . | . . . . . . . . . . . . . . Unauthorized Hacks 2 | . . . . . 2 . . . . . . . . Terminals 1 | . . . . . 1 . . . . . . . . Botnet 1 | . . . . . 1 . . . . . . . . Fabricators 1 | . . . . . 1 . . . . . . . . Download 1 | . . . . . 1 . . . . . . . . Repair Stations . | . . . . . . . . . . . . . . Recycling Units . | . . . . . . . . . . . . . . Scanalyzers . | . . . . . . . . . . . . . . Garrison Access . | . . . . . . . . . . . . . . Data Cores Recovered . | . . . . . . . . . . . . . . Used . | . . . . . . . . . . . . . . Hacking Detections 41 | . 2 6 . 3 8 6 3 3 . . 7 3 . Full Trace Events 2 | . . . . . . . 1 . . . 1 . . Feedback Events . | . . . . . . . . . . . . . . Feedback Blocked . | . . . . . . . . . . . . . . Robot Schematics Acquired . | . . . . . . . . . . . . . . Robots Built . | . . . . . . . . . . . . . . Authchips . | . . . . . . . . . . . . . . Time . | . . . . . . . . . . . . . . Total Robot Build Rating . | . . . . . . . . . . . . . . Part Schematics Acquired 1 | . . . . . 1 . . . . . . . . Parts Built . | . . . . . . . . . . . . . . Authchips . | . . . . . . . . . . . . . . Time . | . . . . . . . . . . . . . . Total Part Build Rating . | . . . . . . . . . . . . . . Part Studies Acquired 12 | . . 4 . . . 5 . . . . 3 . . Parts Repaired 3 | . . 1 . . 1 . . . . . 1 . . Time 114 | . . 32 . . 26 . . . . . 56 . . Parts Recycled . | . . . . . . . . . . . . . . Recycled Matter . | . . . . . . . . . . . . . . Retrieved Matter . | . . . . . . . . . . . . . . Retrieved Components . | . . . . . . . . . . . . . . Parts Scanalyzed . | . . . . . . . . . . . . . . Part Schematics Acquired . | . . . . . . . . . . . . . . Parts Damaged . | . . . . . . . . . . . . . . Bothacking | -11 -10 -9 -9 -8 -7 -6 -6 -6 -6 -6 -5 -4 -4 ------------ Run | Yrd Mat Mat Min Mat Fac Fac Ext Cet Arc Hub Fac Fac Upp Used RIF Installer . | . . . . . . . . . . . . . . Robots Hacked . | . . . . . . . . . . . . . . Non-combat . | . . . . . . . . . . . . . . Combat . | . . . . . . . . . . . . . . Robot Hacks Applied . | . . . . . . . . . . . . . . Relay Couplers Released . | . . . . . . . . . . . . . . Fabnet Peak Effective % . | . . . . . . . . . . . . . . Robots Rewired 6 | . . . . . . . 6 . . . . . . Allies Hacked . | . . . . . . . . . . . . . . Hacks Repelled . | . . . . . . . . . . . . . . Allies | -11 -10 -9 -9 -8 -7 -6 -6 -6 -6 -6 -5 -4 -4 -------- Run | Yrd Mat Mat Min Mat Fac Fac Ext Cet Arc Hub Fac Fac Upp Total Allies 8 | . . . . . . . 8 . . . . . . Largest Group 5 | . . . . . . . 5 . . . . . . Highest-Rated Group 274 | . . . . . . . 274 . . . . . . Highest-Rated Ally 159 | . . . . . . . 159 . . . . . . Total Orders . | . . . . . . . . . . . . . . Ally Attacks 87 | . . . . . . . 87 . . . . . . Total Damage 2203 | . . . . . . . 2203 . . . . . . Kills 15 | . . . . . . . 15 . . . . . . Allies Corrupted . | . . . . . . . . . . . . . . Allies Melted . | . . . . . . . . . . . . . . Intel | -11 -10 -9 -9 -8 -7 -6 -6 -6 -6 -6 -5 -4 -4 ------- Run | Yrd Mat Mat Min Mat Fac Fac Ext Cet Arc Hub Fac Fac Upp Active Infowar (turns) 11308 | 24 614 1169 361 351 2679 2404 1288 . . . 2145 48 225 Sensors 8069 | . . . . . 2578 2251 1095 . . . 2145 . . Terrain 3451 | . . . . . . 2319 859 . . . . 48 225 Structural 215 | . . . . . . . . . . . . 3 212 Seismic 7599 | 24 614 1169 361 351 2663 2194 223 . . . . . . Jamming 4 | . . . . . . 4 . . . . . . . Robot Analysis Total 1 | . . . . . 1 . . . . . . . . Derelict Logs Recovered 1 | . . . 1 . . . . . . . . . . Drone Launches . | . . . . . . . . . . . . . . Drone Recoveries . | . . . . . . . . . . . . . . Exploration | -11 -10 -9 -9 -8 -7 -6 -6 -6 -6 -6 -5 -4 -4 ------------- Run | Yrd Mat Mat Min Mat Fac Fac Ext Cet Arc Hub Fac Fac Upp Turns Passed 18086 | 363 1304 1698 368 1136 2727 3003 1566 756 286 235 2979 1440 225 Spaces Moved 7864 | 177 621 726 188 504 1295 1244 652 345 149 124 1276 468 95 Core 1 | 1 . . . . . . . . . . . . . Treads 7863 | 176 621 726 188 504 1295 1244 652 345 149 124 1276 468 95 Legs . | . . . . . . . . . . . . . . Wheels . | . . . . . . . . . . . . . . Hover . | . . . . . . . . . . . . . . Flight . | . . . . . . . . . . . . . . Fastest Speed 50 | 50 160 160 160 160 160 160 160 160 160 160 160 160 162 Average Speed 167 | 159 160 174 180 160 160 162 167 161 160 160 166 210 162 Slowest Speed 246 | 160 160 240 240 160 240 242 240 240 160 160 245 246 162 Overloaded Moves . | . . . . . . . . . . . . . . Propulsion Burnouts . | . . . . . . . . . . . . . . Robots Hopped . | . . . . . . . . . . . . . . Potential Cave-ins 4 | . . . . . . . 4 . . . . . . Cave-ins Triggered 1 | . . . . . . . 1 . . . . . . Exploration Rate (%) 45 | 7 99 66 39 37 40 37 76 76 96 13 33 7 10 Regions Visited 13 Branch Regions 6 Pre-discovered Areas 1 | . . . 1 . . . . . . . . . . Known Exits Taken 7 | . . . . 1 1 1 1 1 1 1 . . . Unknown Exits Taken 6 | 1 1 1 1 . . . . . . . 1 1 . Scrap Searched 2 | . . . 2 . . . . . . . . . . Spaces Dug 30 | . . . . . 5 17 3 . . . 5 . . Terrain Destroyed 521 | . 18 14 . 49 22 52 44 18 6 2 198 92 6 Melee . | . . . . . . . . . . . . . . Projectile 138 | . . . . . 5 42 19 3 6 2 37 20 4 AOE 383 | . 18 14 . 49 17 10 25 15 . . 161 72 2 Terrain Rammed . | . . . . . . . . . . . . . . Walls Destroyed . | . . . . . . . . . . . . . . Machines Disabled . | . . . . . . . . . . . . . . Actions | -11 -10 -9 -9 -8 -7 -6 -6 -6 -6 -6 -5 -4 -4 --------- Run | Yrd Mat Mat Min Mat Fac Fac Ext Cet Arc Hub Fac Fac Upp Total 11211 | 213 810 1027 208 693 1854 1973 981 460 185 151 1784 751 121 Wait 1588 | 3 57 176 . 69 400 468 140 26 22 19 171 36 1 Move 7850 | 176 620 725 187 503 1294 1243 650 344 148 123 1275 467 95 Hop . | . . . . . . . . . . . . . . Pick Up 184 | 4 27 16 3 7 23 27 14 11 3 . 25 23 1 Fast Attach 108 | 7 5 2 . 6 19 7 11 6 1 2 15 25 2 Attach 83 | . 5 5 . 2 3 19 4 6 . . 17 22 . Detach 5 | . . . . . . . . 4 . . . 1 . Swap 280 | . 10 18 6 14 33 69 34 7 . . 75 13 1 Drop 184 | . 17 19 5 18 27 17 23 15 4 2 29 8 . Fire 892 | 23 69 66 7 74 55 123 69 41 7 5 176 156 21 Melee . | . . . . . . . . . . . . . . Ram . | . . . . . . . . . . . . . . Kick . | . . . . . . . . . . . . . . Crush 1 | . . . . . . . . . . . 1 . . Escape Stasis 1 | . . . . . . . 1 . . . . . . Rewire 35 | . . . . . . . 35 . . . . . . Trap . | . . . . . . . . . . . . . . Miscellaneous . | . . . . . . . . . . . . . . Route ------- -11/Scrapyard -10/Materials (discovered 5 exits: *Mat x3 / [*Min] / [*Sub]) -9/Materials (discovered 2 exits: *Mat / *Min) -9/Mines -8/Materials (discovered 2 exits: *Fac x2) -7/Factory (discovered 2 exits: *Fac / [*Low]) -6/Factory (discovered 4 exits: *Fac x2 / *Low / *Ext) -6/Extension (discovered 3 exits: *Fac x2 / *Cet) -6/Cetus (discovered 3 exits: *Fac x2 / *Arc) -6/Archives (discovered 3 exits: *Fac / *Hub x2) -6/Hub_04(d) -5/Factory -4/Factory -4/Upper Caves History --------- Turn | Location | Event 11 | -11/Scrapyard | Discovered new exit (range 14) 364 | -11/Scrapyard | Entered Materials 365 | -10/Materials | Build established: Mutant 492 | -10/Materials | Discovered new exit (range 16) 596 | -10/Materials | Discovered new exit (range 9) 1108 | -10/Materials | Discovered new exit (range 9) 1208 | -10/Materials | Discovered new exit (range 16) 1364 | -10/Materials | Derelicts attacked the area 1403 | -10/Materials | Core integrity fell below 50% 1431 | -10/Materials | Discovered new exit (range 7) 1450 | -10/Materials | Lost 4 parts (2n2w) 1668 | -10/Materials | Entered another Materials area 1668 | -9/Materials | Evolved 2 slots: Utility x2 2249 | -9/Materials | Destroyed 9 combat bots 2554 | -9/Materials | Central database locked down 2642 | -9/Materials | Discovered new exit (range 12) 2780 | -9/Materials | Discovered new exit (range 14) 2867 | -9/Materials | Repaired Imp. Ion Engine? 3181 | -9/Materials | Build established: Scavenger-Mutant 3366 | -9/Materials | Entered Mines 3367 | -9/Mines | Learned location of Storage (-7) 3511 | -9/Mines | Learned location of 1 exit from Materials 3572 | -9/Mines | Found a damaged Exp. Sensor Array with a note attached 3589 | -9/Mines | Discovered new exit (range 6) 3600 | -9/Mines | Met a Derelict shopkeep closing up shop 3734 | -9/Mines | Entered Materials 3734 | -8/Materials | Evolved 2 slots: Power x1, Propulsion x1 3735 | -8/Materials | Identified exit to Factory 4056 | -8/Materials | Destroyed 8 combat bots 4831 | -8/Materials | Discovered exit to Factory (range 14) 4870 | -8/Materials | Entered Factory 4870 | -7/Factory | Evolved 2 slots: Propulsion x1, Utility x1 5340 | -7/Factory | Allied Derelicts emerged from ambush trap array 5577 | -7/Factory | Discovered new exit (range 9) 5687 | -7/Factory | Repaired Lgt. Treads 6437 | -7/Factory | Build established: Mutant 7539 | -7/Factory | Discovered new exit (range 5) 7545 | -7/Factory | Identified exit to Factory 7597 | -7/Factory | Entered another Factory area 7597 | -6/Factory | Evolved 2 slots: Utility x1, Weapon x1 7894 | -6/Factory | Build established: Skirmisher 7902 | -6/Factory | Discovered new exit (range 16) 7924 | -6/Factory | Identified exit to Lower Caves 8705 | -6/Factory | System corruption reached 10% 8731 | -6/Factory | Lost 3 parts (1n2w) 8881 | -6/Factory | Lost 6 parts (1p2n1u2w) 8914 | -6/Factory | Destroyed 7 combat bots 9630 | -6/Factory | Discovered new exit (range 13) 9652 | -6/Factory | Identified exit to Factory 9813 | -6/Factory | Discovered exit to Factory (range 7) 10323 | -6/Factory | Build established: Scavenger-Skirmisher 10576 | -6/Factory | Discovered new exit (range 16) 10598 | -6/Factory | Identified exit to Extension 10600 | -6/Factory | Entered Extension 10764 | -6/Extension | Rescued A7 11323 | -6/Extension | Spotted B-75 Beast 11338 | -6/Extension | Spotted B-75 Beast 11358 | -6/Extension | Destroyed B-75 Beast 11375 | -6/Extension | Lost 5 allies 11422 | -6/Extension | Energy Cycler disabled 11423 | -6/Extension | Rescued a captive Derelict 11425 | -6/Extension | Destroyed B-75 Beast 11425 | -6/Extension | Rescued a captive Derelict 11459 | -6/Extension | Crushed by falling debris 11494 | -6/Extension | Extracted ID and sensor layout for unrecognized location from A7's data core 11494 | -6/Extension | Discovered exit to Factory (range 14) 11550 | -6/Extension | Disrupted transfer network 11648 | -6/Extension | Build established: Scavenger-Tank 12155 | -6/Extension | Discovered exit to Factory (range 10) 12157 | -6/Extension | Discovered new exit (range 6) 12165 | -6/Extension | Identified exit to Cetus 12166 | -6/Extension | Entered Cetus 12187 | -6/Cetus | Spotted Cetus Guard 12187 | -6/Cetus | Spotted Cetus Guard 12190 | -6/Cetus | Spotted Cetus Guard 12191 | -6/Cetus | Spotted Cetus Guard 12204 | -6/Cetus | Destroyed Cetus Guard 12215 | -6/Cetus | Core integrity fell below 50% 12221 | -6/Cetus | Destroyed Cetus Guard 12244 | -6/Cetus | Destroyed Cetus Guard 12270 | -6/Cetus | Lost 3 parts (1n2w) 12288 | -6/Cetus | Destroyed Cetus Guard 12415 | -6/Cetus | Discovered exit to Factory (range 16) 12580 | -6/Cetus | Discovered new exit (range 16) 12602 | -6/Cetus | Identified exit to Archives 12664 | -6/Cetus | Spotted Cetus Guard 12664 | -6/Cetus | Spotted Cetus Guard 12677 | -6/Cetus | Destroyed Cetus Guard 12677 | -6/Cetus | Destroyed Cetus Guard 12677 | -6/Cetus | Spotted Cetus Guard 12677 | -6/Cetus | Spotted Cetus Guard 12699 | -6/Cetus | Destroyed Cetus Guard 12769 | -6/Cetus | Destroyed Cetus Guard 12833 | -6/Cetus | Discovered exit to Factory (range 15) 12841 | -6/Cetus | Met Revision 17 12916 | -6/Cetus | Security sweep announced 12922 | -6/Cetus | Entered Archives 12972 | -6/Archives | Unable to access archive contents 13023 | -6/Archives | Unable to access archive contents 13030 | -6/Archives | Discovered new exit (range 14) 13053 | -6/Archives | Discovered new exit (range 15) 13062 | -6/Archives | Unable to access archive contents 13133 | -6/Archives | Discovered exit to Factory (range 13) 13206 | -6/Archives | Identified exit to Hub_04(d) 13208 | -6/Archives | Entered Hub_04(d) 13422 | -6/Hub_04(d) | Discovered exit to Factory (range 10) 13443 | -6/Hub_04(d) | Entered Factory 13443 | -5/Factory | Evolved 2 slots: Utility x2 13512 | -5/Factory | Garrison activated, responded to threat 15645 | -5/Factory | System corruption reached 10% 15843 | -5/Factory | First assault squad dispatched 15863 | -5/Factory | Central database locked down 16051 | -5/Factory | Lost 3 parts (3u) 16107 | -5/Factory | Discovered new exit (range 15) 16213 | -5/Factory | System corruption reached 30% 16327 | -5/Factory | Repaired Arm. Medium Treads? 16365 | -5/Factory | Lost 7 parts (2p3u2w) 16422 | -5/Factory | Entered another Factory area 16422 | -4/Factory | Evolved 2 slots: Power x1, Utility x1 16534 | -4/Factory | Discovered new exit (range 15) 16790 | -4/Factory | Found Quantum Capacitor 17176 | -4/Factory | System corruption reached 10% 17265 | -4/Factory | Garrison activated, responded to threat 17310 | -4/Factory | Lost 3 parts (2u1w) 17422 | -4/Factory | First assault squad dispatched 17445 | -4/Factory | System corruption reached 30% 17492 | -4/Factory | Lost 13 parts (3p7u3w) 17503 | -4/Factory | Destroyed 7 combat bots 17583 | -4/Factory | Core integrity fell below 50% 17635 | -4/Factory | Core integrity fell below 20% 17652 | -4/Factory | Lost 12 parts (3p4n2u3w) 17690 | -4/Factory | Garrison activated, responded to threat 17772 | -4/Factory | Lost 4 parts (1n1u2w) 17862 | -4/Factory | Entered Upper Caves 18087 | -4/Upper Caves | Destroyed self with Reinforced Fission Core chain reaction Last Messages --------------- 17992_ Acquired 15 matter. 17997_ JR7W W :KQ2=HONUD V 18012_ System corrupted: Component data lost. 18076_ System corrupted: Proton Missile Launcher failed to launch. 18077_ D#WAT4/KYWP#W94UBTFRBLDZ R,V 18080_ System corrupted: Proton Missile Launcher failed to launch. 18083_ System corrupted: Hpw. Shock Rifle+ failed to cycle. 18084_ B-60 Warrior system terminally corrupted. 18085_ Med. Treads destroyed. 18086_ Imp. Heat Sink destroyed. 18087_ System corrupted: Tesla Rifle+ failed to cycle. 18087_ Chain reaction triggered in Corrupted Rnf. Fission Core. 18087_ G-67 Veteran destroyed. 18087_ Hpw. Shock Rifle+ destroyed. 18087_ Destroyed Hpw. Shock Rifle+. Map ----- +----------------------------------------------------+ | ?????????????????????????????????????????????????? | | ????????????????????????????????????????????? ? #? | | ??????????????????????????????????????????? ?? ? | | ???????????????????????????????????????????? ?? ? | | ?????????????????????????????????????????? ?? ? ?? | | ?????????????????????????????????????????#?? ? ? ? | | ?????????????????????????????????????????### ?### | | ???????????????????????????????????????##??####?## | | ??????????????????????????????????????? #???###?# | | ?????????????????????????????????????? ??#? ?#### | | ?????????????????????? ????????????#?#?#?? #??# | | ?????????????????????? ?????????? #####? #### | | ?????????????????????? ? ?????? ? #### ?? #?### | | ??????????????????????? ? ?????? ? ?## ## | | ?????????????????#?#?? ?????????? ??##### | | ??????????????????#??? ?????? ?? ### #?#### | | ?????????????????#????## ###??#??#??## ###### | | ??????????????????#???## ##?#?######## ######!! | | ?????????????#? ??#???## ##??######### ######*%# | | ??????????????????????## ##?#### #### #####%!# | | ?????????????#???????### ##?### #### # # | | ??????????????????????##g ##### ### # | | ??????????????? ?????### ;#### ## ### ## | | ????????????? ?????#####*! ### ## ## | | ???????????????????####!%%g #### ## | | ???????????????????## [!@ ### ### ## | | ????????????## = ;### ### ## ## # | | ????????????### ## ##### ## ##### # | | ????????????####?#### ##### ## ###### # | | ?????????????###??#####$ ##?## ####?## | | ???????????????#???############### ### ??## | | ?????????????#???????######?###### ## ####### | | ???????????????????#???#?????##?## ####### | | ???????????????????#?#?##?#?????######### ####?## | | ???????????????????#?##?#?????###############?##?# | | ??????????????????#????#?????#?###??#??#?####?#??# | | ?????????????????????##??????#??#????#?#??####?#?? | | ???????????????????##???#???##???#??#??#?#??#??#?# | | ???????????????????????##?????????#????????#?#???# | | ???????????????????????????????????????###?#?????? | | ???????????????????????????????#?????????????????? | | ???????????????????????????????????????????#?????? | | ?????????????????????????????????????????????????? | | ?????????????????????????????????????????????????? | | ?????????????????????????????????????????????????? | | ?????????????????????????????????????????????????? | | ?????????????????????????????????????????????????? | | ?????????????????????????????????????????????????? | | ?????????????????????????????????????????????????? | | ?????????????????????????????????????????????????? | +----------------------------------------------------+ Best States ------------- Heat Dissipation 97 Energy Generation 54 Energy Capacity 1040 Matter Stores 300 Matter Capacity 300 Sight Range 16 Robot Scan Range 15 Terrain Scan Range 16 Terrain Scan Density 85 Armor Coverage 900 Resistance: KI 25 Resistance: TH 25 Weapon Shielding 66 Phase Shifting 5 Evasion (%) 45 Target Analysis 6 Core Analysis 6 Recoil Reduction 4 Particle Charging 20 Item Schematics ----------------- Hvy. Plasma Cannon | -7/Factory | Downloaded Robot Schematics ------------------ None Fabricated ------------ Nothing Repaired ---------- Imp. Ion Engine | 21% | -9/Materials Lgt. Treads | 7% | -7/Factory Arm. Medium Treads | 22% | -5/Factory Studied --------- Hvy. EM Pulse Gun | -9/Materials | Hacked EM Pulse Gun | -9/Materials | Hacked Beam Rifle | -9/Materials | Hacked Beam Cannon | -9/Materials | Hacked Hpw. Shock Rifle | -6/Factory | Hacked Arc Projector | -6/Factory | Hacked Phase Cannon | -6/Factory | Hacked Imp. Grenade Launcher | -6/Factory | Hacked Imp. Deuterium Engine | -6/Factory | Hacked Tesla Rifle | -5/Factory | Hacked Variable Charge Gun | -5/Factory | Hacked Neutrino Core | -5/Factory | Hacked Alien Tech Used ----------------- None Achievements -------------- None Challenges ------------ None Game ------ Seed BlanketEnergyMount Manual? 0 Play Time 04:20:40 Cumulative 193.4 hours Start 2026.07.07 @ 22:39:24 End 2026.07.08 @ 15:30:30 Sessions 3 Manual Loads 0 Difficulty Rogue Special Mode None Game No. 105 Rogue 104 Adventurer 1 Explorer 0 Win Type - Total 0 Types 0/0/0/0/0/0/0/0/0/0 Lore% 57 Gallery% 50 Achievement% 34 Wizard Run 0 Options --------- Layout 1 ASCII 0 Keyboard 0 Movement Numpad Keybinds 0 Fullscreen 1 Font 24/Smallcaps Map View 50x35 Zoom Use 0% Tactical HUD 1 Map Filters NONE Filters NONE Steam 1 RUN: c9442bac-d4ef-4ccc-b74e-e3f90a18a950